Cogmind - Beta 10 X2 @@@ ROGUE MODE // 2020.06.21 @ 12:27:08 Player: cptwinky Result: Core destroyed Performance ------------- Evolutions (0) 0 Regions Visited (2) 400 Robots Destroyed (29) 145 Value Destroyed (494) 494 Prototype IDs (0) 0 Alien Tech Used (0) 0 Bonus (0) 0 TOTAL SCORE: 1039 Bonus ------- None Cogmind --------- Core Integrity 0/250 Matter 273/300 Energy 34/160 System Corruption 13% Temperature Cool (502) Movement Treading (200) Ox2 Location -10/Mines Parts ------- > --- POWER (1) -------- Light Nuclear Core > --- PROPULSION (2) --- Light Treads > --- UTILITY (2) ------ High-capacity Storage Unit > --- WEAPON (2) ------- EMP Blaster > --- INVENTORY (12) --- Light Treads Wheel Compact Wheel High-capacity Matter Pod (54) Structural Scanner Heavy Assault Rifle Heavy Assault Rifle EMP Blaster Mining Laser Peak State ------------ > --- POWER ------------ Ion Engine > --- PROPULSION ------- Light Treads Wheel > --- UTILITY ---------- High-capacity Storage Unit Light Armor Plating > --- WEAPON ----------- Beamcaster Heavy Assault Rifle > --- INVENTORY -------- Light Nuclear Core Light Treads Light Treads Wheel Compact Wheel High-capacity Matter Pod Structural Scanner Heavy Assault Rifle Heavy Assault Rifle EMP Blaster EMP Blaster Mining Laser [Rating: 13] Favorites ----------- Power Ion Engine Engine Ion Engine Power Core Light Nuclear Core Propulsion Wheel Treads Light Treads Wheel Wheel Utility High-capacity Storage Unit Storage High-capacity Storage Unit Protection Light Armor Plating Weapon Heavy Assault Rifle Energy Gun Medium Laser Ballistic Gun Heavy Assault Rifle Launcher EMP Blaster Build | -11 -10 -10 ------- Run | Scr Mat Min Slots Evolved . | . . . Power . | . . . Propulsion . | . . . Utility . | . . . Weapon . | . . . Parts Attached 17 | 7 6 4 Power 2 | 1 . 1 Engine 1 | 1 . . Core 1 | . . 1 Reactor . | . . . Propulsion 5 | 2 2 1 Treads 3 | 1 1 1 Leg . | . . . Wheel 2 | 1 1 . Hover . | . . . Flight . | . . . Utility 4 | 2 2 . Device . | . . . Storage 3 | 2 1 . Processor . | . . . Hackware . | . . . Protection 1 | . 1 . Artifact . | . . . Weapon 6 | 2 2 2 Energy Gun 2 | 1 . 1 Energy Cannon . | . . . Ballistic Gun 3 | 1 2 . Ballistic Cannon . | . . . Launcher 1 | . . 1 Special Weapon . | . . . Impact Weapon . | . . . Slashing Weapon . | . . . Piercing Weapon . | . . . Special Melee Weapon . | . . . Unidentified Prototypes . | . . . Parts Lost 6 | . . 6 Power 1 | . . 1 Propulsion 2 | . . 2 Utility 1 | . . 1 Weapon 2 | . . 2 Highest Loss Streak 6 | . . 6 Average Slot Usage (%) 99 | . 100 94 Engine 14 | . 14 14 Treads 13 | . 12 19 Wheel 14 | . 15 8 Storage 19 | . 20 14 Protection 7 | . 7 8 Ballistic Gun 27 | . 27 19 Naked Turns . | . . . Heaviest Build 48 | 17 47 48 Greatest Support 20 | 10 20 10 Greatest Overweight (x) 4 | 1 4 4 Average Overweight (x) 2 | . 2 4 Largest Inventory Capacity 14 | 8 14 12 Average Capacity 11 | 5 11 12 Most Carried 12 | 5 12 12 Average Carried 9 | 3 9 11 Final Capacity 12 | 8 12 12 Final Carried 12 | 5 12 9 Class Distribution -------------------- 100% | Mutant Dominant Class ---------------- Mutant | -10/Materials Mutant | -10/Mines Resources | -11 -10 -10 ----------- Run | Scr Mat Min Matter Collected 731 | 282 369 80 Remotely . | . . . Salvage Created 861 | 83 562 216 Parts 48 | 2 45 1 Haulers Intercepted 1 | . 1 . Recyclers Shooed . | . . . Parts Field Recycled . | . . . Retrieved Matter . | . . . Parts Self-Destructed . | . . . Prevented . | . . . Kills | -11 -10 -10 ------- Run | Scr Mat Min Combat Hostiles Destroyed 24 | . 13 11 Guns 20 | . 13 7 AOE 4 | . . 4 Classes Destroyed 8 | 1 5 2 Hauler 1 | . 1 . Recycler 1 | 1 . . Mechanic 1 | . 1 . Watcher 2 | . 2 . Swarmer 3 | . 3 . Grunt 10 | . 10 . Sentry 1 | . . 1 Assembled 10 | . . 10 Best Kill Streak 11 | 1 4 11 Combat Bots Only 11 | . 3 11 Max Kills in Single Turn 3 | 1 2 3 Gunslinging 1 | . . 1 Exploded 3 | . . 3 Melee . | . . . Uniques/NPCs Destroyed . | . . . Combat | -11 -10 -10 -------- Run | Scr Mat Min Damage Taken 1045 | . 352 693 Core 281 | . 85 196 Absorbed by Shields . | . . . Core Remaining (%) 100 | 100 . . Volleys Fired 70 | 4 48 18 Largest 2 | 2 2 2 Hottest 98 | 70 46 98 Shots Fired 136 | 8 96 32 Gun 132 | 8 96 28 Cannon . | . . . Launcher 4 | . . 4 Special . | . . . Kinetic 119 | 4 96 19 Thermal 13 | 4 . 9 Explosive . | . . . Electromagnetic 4 | . . 4 Robot Hit Streak 12 | 6 12 9 Robot Miss Streak 3 | 1 3 3 Penetration Max . | . . . Secondary Targets 2 | . . 2 Max Gunslinging Chain 1 | . . 1 Shots Hit Robots 85 | 6 56 23 Core Hits 46 | 2 23 21 Critical Hits . | . . . Critical Kills . | . . . Critical Parts Destroyed . | . . . Melee Attacks . | . . . Impact . | . . . Slashing . | . . . Piercing . | . . . Sneak Attacks . | . . . Combat Hostiles . | . . . Follow-up Attacks . | . . . Damage Inflicted 1573 | 58 774 741 Guns 1171 | 58 774 339 Cannons . | . . . Explosions 397 | . . 397 Melee . | . . . Ramming 5 | . . 5 Kinetic 1018 | 33 774 211 Thermal 153 | 25 . 128 Explosive . | . . . Electromagnetic 397 | . . 397 Impact . | . . . Slashing . | . . . Piercing . | . . . Highest Corruption 13 | . . 13 Average Corruption 9 | . . 9 Corruption Purged . | . . . Effects 1 | . . 1 Heat Flow Errors 1 | . . 1 Overload Shots . | . . . Overflow Damage . | . . . Projectiles . | . . . Explosions . | . . . Melee . | . . . Knockbacks . | . . . Impact . | . . . Kinetic . | . . . Secondary . | . . . Self-Inflicted Damage 21 | . . 21 Shots 4 | . . 4 Rammed 2 | . . 2 Targets Rammed 2 | . . 2 Kicked . | . . . Crushed . | . . . Highest Temperature 638 | 36 32 638 Average Temperature 128 | 19 14 254 Received Heat Transfer 258 | . 129 129 Effects 10 | . . 10 Shutdowns 1 | . . 1 Interference 1 | . . 1 Short Circuit 1 | . . 1 Damage (major) 5 | . . 5 Damage (core) 2 | . . 2 Siege Activations . | . . . Robots Corrupted . | . . . Combat Hostiles . | . . . Parts Fried . | . . . Impact Corruptions . | . . . Robots Melted . | . . . Combat Hostiles . | . . . Parts Melted . | . . . Heat Transferred 296 | 74 . 222 Parts Sabotaged . | . . . Parts Stolen . | . . . Parts Stripped . | . . . Power Chain Reactions . | . . . Missiles Intercepted . | . . . Alert | -11 -10 -10 ------- Run | Scr Mat Min Peak Influence 208 | 5 208 69 Average Influence 97 | 1 112 40 Maximum Alert Level 1 | . 1 . Low Security (%) 90 | 100 88 100 Level 1 9 | . 11 . Level 2 . | . . . Level 3 . | . . . Level 4 . | . . . Level 5 . | . . . High Security . | . . . Max Security . | . . . Squads Dispatched 3 | . 3 . Investigation 1 | . 1 . Extermination . | . . . Reinforcement 2 | . 2 . Assault . | . . . Garrison . | . . . Intercept . | . . . Construction Impeded . | . . . Haulers Reinforced . | . . . Stealth | -11 -10 -10 --------- Run | Scr Mat Min Distress Signals 2 | . 2 . Communications Jammed . | . . . Distress Signals . | . . . Times Spotted 46 | . 31 15 Peak Tracking Total 8 | . 5 8 Tactical Retreats 9 | . 9 . Traps | -11 -10 -10 ------- Run | Scr Mat Min Traps Triggered . | . . . Indirectly . | . . . Trap Hack Attempts . | . . . Triggered . | . . . Disarmed . | . . . Reprogrammed . | . . . Reused . | . . . Traps Extracted . | . . . Installed . | . . . Triggered . | . . . Machines | -11 -10 -10 ---------- Run | Scr Mat Min Machines Disabled 1 | . . 1 Max in Single Turn 1 | . . 1 Machines Sabotaged . | . . . Garrisons Compromised . | . . . Overloaded Fab Kills . | . . . Fab Network Shutdowns . | . . . Hacking | -11 -10 -10 --------- Run | Scr Mat Min Machines Accessed 4 | . 4 . Terminals 4 | . 4 . Fabricators . | . . . Repair Stations . | . . . Recycling Units . | . . . Scanalyzers . | . . . Garrison Access . | . . . Total Hacks 14 | . 14 . Successful 3 | . 3 . Failed 10 | . 10 . Catastrophic 1 | . 1 . Database Lockouts 1 | . 1 . Manual 13 | . 13 . Terminals 14 | . 14 . Fabricators . | . . . Repair Stations . | . . . Recycling Units . | . . . Scanalyzers . | . . . Garrison Access . | . . . Terminal Hacks 2 | . 2 . Robot Analysis 1 | . 1 . Locate Traps 1 | . 1 . Fabricator Hacks . | . . . Repair Station Hacks . | . . . Recycling Unit Hacks . | . . . Scanalyzer . | . . . Garrison Access Hacks . | . . . Unauthorized Hacks 1 | . 1 . Terminals 1 | . 1 . Assimilate 1 | . 1 . Fabricators . | . . . Repair Stations . | . . . Recycling Units . | . . . Scanalyzers . | . . . Garrison Access . | . . . Data Cores Recovered . | . . . Used . | . . . Hacking Detections 4 | . 4 . Full Trace Events 2 | . 2 . Feedback Events . | . . . Feedback Blocked . | . . . Robot Schematics Acquired . | . . . Robots Built . | . . . Matter . | . . . Time . | . . . Total Robot Build Rating . | . . . Part Schematics Acquired . | . . . Parts Built . | . . . Matter . | . . . Time . | . . . Total Part Build Rating . | . . . Parts Repaired . | . . . Time . | . . . Parts Recycled . | . . . Recycled Matter . | . . . Retrieved Matter . | . . . Retrieved Components . | . . . Parts Scanalyzed . | . . . Part Schematics Acquired . | . . . Parts Damaged . | . . . Bothacking | -11 -10 -10 ------------ Run | Scr Mat Min Used RIF Installer . | . . . Robots Hacked . | . . . Non-combat . | . . . Combat . | . . . Robot Hacks Applied . | . . . Relay Couplers Released . | . . . Robots Rewired . | . . . Allies Hacked . | . . . Hacks Repelled . | . . . Allies | -11 -10 -10 -------- Run | Scr Mat Min Total Allies . | . . . Largest Group . | . . . Highest-Rated Group . | . . . Highest-Rated Ally . | . . . Total Orders . | . . . Ally Attacks . | . . . Total Damage . | . . . Kills . | . . . Allies Corrupted . | . . . Allies Melted . | . . . Intel | -11 -10 -10 ------- Run | Scr Mat Min Robot Analysis Total 1 | . 1 . Derelict Logs Recovered . | . . . Drone Launches . | . . . Drone Recoveries . | . . . Exploration | -11 -10 -10 ------------- Run | Scr Mat Min Turns Passed 987 | 76 823 88 Spaces Moved 618 | 55 538 25 Core 1 | 1 . . Treads . | . . . Legs . | . . . Wheels 617 | 54 538 25 Hover . | . . . Flight . | . . . Fastest Speed 50 | 50 90 120 Average Speed 107 | 85 109 120 Slowest Speed 120 | 90 120 120 Overloaded Moves . | . . . Propulsion Burnouts . | . . . Robots Hopped . | . . . Cave-ins Triggered . | . . . Exploration Rate (%) 32 | 4 81 11 Regions Visited 2 Branch Regions 1 Pre-discovered Areas . | . . . Known Exits Taken . | . . . Unknown Exits Taken 2 | 1 1 . Scrap Searched . | . . . Spaces Dug . | . . . Terrain Destroyed . | . . . Melee . | . . . Projectile . | . . . AOE . | . . . Actions | -11 -10 -10 --------- Run | Scr Mat Min Total 802 | 72 680 50 Wait 71 | 2 69 . Move 616 | 54 537 25 Hop . | . . . Pick Up 15 | 5 10 . Fast Attach 11 | 7 3 1 Attach 3 | . . 3 Detach 3 | . 3 . Swap 3 | . 3 . Drop 8 | . 7 1 Fire 70 | 4 48 18 Melee . | . . . Ram . | . . . Kick . | . . . Crush 2 | . . 2 Escape Stasis . | . . . Rewire . | . . . Trap . | . . . Miscellaneous . | . . . Route ------- -11/Scrapyard -10/Materials (discovered 3 exits: [*Mat x2] / [*Min]) -10/Mines History --------- Turn | Location | Event 16 | -11/Scrapyard | Discovered new exit (range 15) 77 | -11/Scrapyard | Entered Materials 223 | -10/Materials | Central database locked down 239 | -10/Materials | Discovered new exit (range 5) 309 | -10/Materials | Build established: Mutant 432 | -10/Materials | Discovered new exit (range 13) 656 | -10/Materials | Discovered new exit (range 15) 900 | -10/Materials | Entered Mines 916 | -10/Mines | Assembled infested the area 921 | -10/Mines | Joined a pair of Derelicts in attacking an 0b10 outpost 958 | -10/Mines | Core integrity fell below 50% 981 | -10/Mines | System corruption reached 10% 983 | -10/Mines | Core integrity fell below 20% 989 | -10/Mines | Core destroyed Last Messages --------------- 00980_ as-16273 destroyed. 00980_ as-99385 destroyed. 00981_ System corrupted: Heat flow error (+277). 00982_ Overheating: Lgt. Treads damaged (-19). 00982_ Overheating: Hcp. Storage Unit damaged (-271). 00983_ Power failure, Lgt. Nuclear Core shutdown. 00983_ Overheating: Core damaged (-45). 00983_ as-37564 destroyed. 00984_ Acquired 20 matter. 00985_ Overheating: System interference. 00985_ EMP Blaster temporarily disabled. 00985_ Slammed into as-45873. 00986_ Lgt. Treads permanently disabled. 00986_ Overheating: Short circuit. 00987_ Overheating: Lgt. Nuclear Core damaged (-32). 00987_ Overheating: Lgt. Treads damaged (-4). 00987_ Overheating: Hcp. Storage Unit damaged (-145). 00987_ Slammed into as-45873. 00987_ Broken Lgt. Treads destroyed. 00989_ Overheating: Core damaged (-47). Map ----- +----------------------------------------------------+ | ?????????????????????????????????????????????????? | | ?????????????????????????????????????????????????? | | ?????????????????????????????????????????????????? | | ?????????????????????????????????????????????????? | | ?????????????????????????????????????????????????? | | ?????????????????????????????????????????????????? | | ?????????????????????????????????????????????????? | | ?????????????????????????????????????????????????? | | ?????????????????????????????????????????????????? | | ?????????????????????????????????????????????????? | | ?????????????????????????????????????????????????? | | ?????????????????????????????????????????????????? | | ?????????????????????????????????????????????????? | | ?????????????????????????????????????????????????? | | ?????????????????????????????????????????????????? | | ?????????????????????????????????????????????????? | | ?????????????????????????????????????????????????? | | ?????????????????????????????????????????????????? | | ?????????????????????????????????????????????????? | | ?????????????????????????????????????????????????? | | ?????????????????????????????????????????????????? | | ?????????????????????????????????????????????????? | | ???????????????????????######??? ?#### ????????? | | ??????????????????????##"[! ##? ????????? | | ??????????????????????# %![ #? ????????? | | ??????????????????????# %@%% #? ???????? | | ??????????????????????## %a%### #???????? | | ??????????????????????###aa### #????????? | | ??????????????????????# !%=%! #???????????????? | | ?????????????????????## [ != ##???????????????? | | ?????????# ??????## ##### #????????????????? | | ??????????# #### #### #????????????????? | | ???????????# ## #????????????????? | | ???????????# ##????????????????? | | ???????????## ### ##?????????????????? | | ????????????## ??## ##?????????????????? | | ?????????????# ????## #?????????????????? | | ?????????????# ??????## #????????????????? | | ?????????????##????????### #???????????????? | | ?????????????????????????## #???????????????? | | ??????????????????????????# ##???????????????? | | ??????????????????????????## ##????????????????? | | ????????????????????????????####?????????????????? | | ?????????????????????????????????????????????????? | | | | | | | | | | | | | +----------------------------------------------------+ Best States ------------- Heat Dissipation 25 Energy Generation 10 Energy Capacity 250 Matter Stores 300 Matter Capacity 300 Sight Range 16 Terrain Scan Density 10 Armor Coverage 150 Evasion (%) 44 Recoil Reduction 2 Item Schematics ----------------- None Robot Schematics ------------------ None Fabricated ------------ Nothing Alien Tech Used ----------------- None Achievements -------------- None Challenges ------------ None Game ------ Seed LatentDeuteriumLeg Manual? 0 Play Time 00:07:05 Cumulative 589.3 hours Start 2020.06.21 @ 12:20:21 End 2020.06.21 @ 12:27:08 Sessions 1 Manual Loads 0 Difficulty Rogue Special Mode None Game No. 438 Rogue 434 Adventurer 4 Explorer 0 Win Type - Total 66 Types 54/5/3/2/2/0/0 Lore% 94 Gallery% 96 Achievement% 96 Wizard Run 0 Options --------- ASCII 0 Keyboard 0 Movement Vi Keybinds 0 Fullscreen 0 Font 16/Terminus Map View 76x50 Tactical HUD 1 Map Filters NONE Filters NONE Steam 1 RUN: eaafb050-a510-4583-9ab2-69768a0107b2